 Dungeon Crawl Stone Soup version 0.31.0-32-g396128a36d (webtiles) character file.

Game seed: 6513683463115131228

71 Mels the Magician (level 4, -2/31 HPs)
             Began as a Demonspawn Fire Elementalist on Apr 17, 2024.
             Slain by an adder (3 damage)
             ... on level 3 of the Dungeon.
             The game lasted 00:04:44 (2189 turns).

Mels the Magician (Demonspawn Fire Elementalist)    Turns: 2189, Time: 00:04:44

Health: -2/31      AC:  2    Str:  8    XL:     4   Next: 5%
Magic:  1/10       EV: 12    Int: 17    God:
Gold:   101        SH:  0    Dex: 14    Spells: 8/11 levels left

rFire   . . .        (no weapon)
rCold   . . .        (no shield)
rNeg    . . .        a - +0 robe
rPois   .            (no helmet)
rElec   .            (no cloak)
rCorr   .            (no gloves)
SInv    .            (no boots)
Will    .....        (no amulet)
Stlth   ++           (no ring)
HPRegen 0.25/turn    (no ring)
MPRegen 0.12/turn

%: no passive effects
@: no status effects
A: hooves 1, powered by pain 1, demonic magic 1
a: no special abilities


You were on level 3 of the Dungeon.
You visited 1 branch of the dungeon, and saw 3 of its levels.

You collected 101 gold pieces.

Inventory:

Armour
 a - a +0 robe (worn)
Scrolls
 e - 2 scrolls of identify
Potions
 b - a potion of magic


   Skills:
 + Level 0.7 Fighting
 - Level 1.7 Dodging
 - Level 1.7 Stealth
 - Level 4.0 Spellcasting
 - Level 1.0 Conjurations
 - Level 2.6 Fire Magic


You had 8 spell levels left.
You knew the following spells:

 Your Spells              Type           Power      Damage    Failure   Level
a - Foxfire               Conj/Fire      36%        2x1d5     8%          1
b - Scorch                Fire           24%        2d6       8%          2

Your spell library contained the following spells:

 Spells                   Type           Power      Damage    Failure   Level
 Summon Small Mammal      Summ           12%        N/A       16%         1
 Inner Flame              Hex/Fire       7%         N/A       26%         3
 Volatile Blastmotes      Fire/Tloc      14%        2d11      26%         3
 Call Canine Familiar     Summ           3%         N/A       43%         3
 Flame Wave               Conj/Fire      9%         2d6       58%         4
 Summon Blazeheart Golem  Fire/Summ      7%         N/A       65%         4


Dungeon Overview and Level Annotations

Branches:
Dungeon (3/15) Zot: 15809

Altars:

Shops:
D:1 (


Innate Abilities, Weirdness & Mutations

You have large cloven feet.
You sometimes gain a little power by taking damage.
Spells you cast may paralyse adjacent enemies.


Message History

Okay, then.
* * * LOW HITPOINT WARNING * * *
You feel sick. The adder attacks as it pursues you! The adder misses you.
You take 1 damage, and have 3/31 hp.
* * * LOW HITPOINT WARNING * * *
You feel sick.
Casting: Foxfire (safe; 8% risk of failure)
Confirm with . or Enter, or press ? or * to list all spells.
You don't have enough magic to cast this spell.
Casting: Foxfire (safe; 8% risk of failure)
Confirm with . or Enter, or press ? or * to list all spells.
You conjure some foxfire!
Malevolent energies surge around you.
The adder suddenly stops moving!
* * * LOW HITPOINT WARNING * * *
You feel sick.
You take 1 damage, and have 2/31 hp.
You now have 0/10 mp.
Found a scroll labelled TEZICR OZUATZ.
* * * LOW HITPOINT WARNING * * *
You feel sick.
You are no longer poisoned.
You take 1 damage, and have 1/31 hp.
Your foxfire dissipates!
There is a stone staircase leading up here.
A goblin comes into view. It is wielding a +0 dagger.
Found 6 gold pieces.
The adder attacks as it pursues you! The adder misses you.
A ball python and a rat come into view.
The rat moves out of view.
Casting: Foxfire (safe; 8% risk of failure)
Confirm with . or Enter, or press ? or * to list all spells.
You conjure some foxfire!
Malevolent energies surge around you. The adder bites you but does no damage.
The adder bites you.
* * * LOW HITPOINT WARNING * * *
You take 3 damage, and have 1/31 hp.
You now have 1/10 mp.
The goblin shouts!
You hear a loud squeak.
The foxfire hits the adder.
The adder is severely wounded.
The foxfire hits the adder but does no damage.
The adder is severely wounded.
The adder attacks as it pursues you! The adder bites you.
You die...

..# #..# ..#### #.# #.†#
#..... #.# #..#####.§...
#.# #.....S.§#
#.###..#####.##+# ###
#S<..............
....####.###..####..##.#
.......S.# #..# #.....[
.g.....@§# #..# #..##?#
.S.......$..... ...# .
.......!.###.... ....
###+####.# #.#####..##
#.# #.# #..# ... ##


You could see 2 adders, a goblin and a ball python.

Vanquished Creatures
  3 gnolls (D:2)
  An adder (D:2)
  A dart slug (D:2)
  3 endoplasms
  2 giant cockroaches (D:1)
  2 goblins (D:1)
  2 hobgoblins
  2 jackals
  3 kobolds (D:1)
  2 quokkas (D:1)
  A ball python (D:1)
  4 bats
  A frilled lizard (D:2)
  2 rats
29 creatures vanquished.

Vanquished Creatures (others)
  89 foxfires
89 creatures vanquished.

Grand Total: 118 creatures vanquished

Notes
Turn   | Place    | Note
-------+----------+-------------------------------------------
     0 | D:1      | Mels the Demonspawn Fire Elementalist began the quest for
                  | the Orb.
     0 | D:1      | Reached XP level 1. HP: 13/13 MP: 3/3
   483 | D:1      | Discovered your monstrous ancestry.
   483 | D:1      | Gained mutation: You have large cloven feet. [demonic
                  | ancestry]
   483 | D:1      | Reached XP level 2. HP: 19/19 MP: 2/5
   552 | D:1      | Found Nutinuit's Antique Weapon Emporium.
   706 | D:1      | Learned a level 2 spell: Scorch
   800 | D:1      | Reached skill level 3 in Spellcasting
  1445 | D:2      | Gained mutation: You sometimes gain a little power by
                  | taking damage. [demonic ancestry]
  1445 | D:2      | Reached XP level 3. HP: 24/24 MP: 3/7
  1655 | D:2      | Reached skill level 4 in Spellcasting
  1955 | D:2      | Found a faded altar of an unknown god.
  2013 | D:2      | Gained mutation: Spells you cast may paralyse adjacent
                  | enemies. [demonic ancestry]
  2013 | D:2      | Reached XP level 4. HP: 27/31 MP: 5/10
  2176 | D:3      | HP: 1/31 [poisoned by an adder]
  2188 | D:3      | HP: 1/31 [adder (3)]
  2189 | D:3      | Slain by an adder

Illustrated notes

Levels and vault maps discovered:
D:1:      minmay_arrival_three_doors, layout_loops_corners, serial_shops,
          nicolae_shop_waterfront, minivault_26, chequers_serial_rivers_room_b,
          minmay_tetromino_i4
D:2:      layout_basic, dreamdust_ecumenical_altar_angels_and_demons,
          minmay_cupped
D:3:      layout_basic, gup_sewer_entry_glass, uniq_terence

Skill      XL: |  1  2  3 |
---------------+----------+-----
Spellcasting   | 3 4 |  4.0
Fighting       | |  0.7
Dodging        | |  1.7
Stealth        | |  1.7
Conjurations   | |  1.0
Fire Magic     | |  2.6

Action                     |  1- 3 |  4- 6 || total
---------------------------+-------+-------++-------
  Melee: Unarmed           |    21 |     7 ||    28
         Kick              |     2 |     2 ||     4
   Cast: Foxfire           |    49 |     8 ||    57
         Scorch            |     8 |     7 ||    15
    Use: Scroll            |     2 |       ||     2
         Potion            |     1 |       ||     1
   Stab: Paralysed         |       |     1 ||     1
 Armour: Robe              |    43 |    41 ||    84
  Dodge: Dodged            |    40 |    40 ||    80
